 Dungeon Crawl Stone Soup version 0.29.1-2-gbd0b4ee654 (webtiles) character file.

Game seed: 3604502970730332761

41680 furfeg123 the Impaler (level 13, -14/127 HPs)
             Began as a Minotaur Fighter on Nov 13, 2022.
             Was the Champion of Okawaru.
             Killed by the air
             ... invoked by a wind drake
              (23 damage)
             ... on level 1 of the Shoals.
             The game lasted 00:22:51 (16583 turns).

furfeg123 the Impaler (Minotaur Fighter)           Turns: 16583, Time: 00:22:51

Health: -14/127    AC: 22    Str: 27    XL:     13   Next: 81%
Magic:  22/22      EV:  7    Int:  8    God:    Okawaru [******]
Gold:   445        SH: 12    Dex:  6    Spells: 12/12 levels left

rFire   . . .      SeeInvis .   G - +6 demon trident of Urgency {pain, Str+2 Int+3}
rCold   + . .      Faith    .   C - +1 kite shield
rNeg    + . .      Spirit   .   F - +4 plate armour "Xianios" {rPois rN+ Will++ Dex-5}
rPois   +          Reflect  .   K - +1 hat of Ajeid {rElec rCorr MP+9}
rElec   +          Harm     .   (no cloak)
rCorr   +          Rampage  .   (no gloves)
Will    ++...                   o - +0 pair of boots
Stlth   ..........              J - amulet of regeneration
HPRegen 0.31/turn               A - ring of poison resistance
MPRegen 0.18/turn               y - ring of protection from cold

@: studying Fire Magic
A: horns 2, retaliatory headbutt, mutation resistance 1, MP-powered wands
a: Renounce Religion, Heroism, Finesse, Duel


You were on level 1 of the Shoals.
You worshipped Okawaru.
Okawaru was exalted by your worship.
You visited 3 branches of the dungeon, and saw 16 of its levels.

You collected 1121 gold pieces.
You spent 676 gold pieces at shops.

Inventory:

Hand Weapons
 a - a +0 trident
 G - the +6 demon trident of Urgency (weapon) {pain, Str+2 Int+3}
   (You acquired it on level 8 of the Dungeon)

   In the hands of one skilled in necromantic magic, it inflicts extra damage on
   living creatures.
   Str:       It affects your strength (+2).
   Int:       It affects your intelligence (+3).
 I - a +4 spear of electrocution
 Q - the +7 trident "Wuat" {speed, rElec Str+4}
   (You found it on level 4 of the Lair of Beasts)

   Attacks with this weapon are significantly faster.
   Str:       It affects your strength (+4).
   rElec:     It insulates you from electricity.
 T - a +2 vorpal glaive
Missiles
 L - 3 throwing nets (quivered)
Armour
 b - a +0 scale mail
 c - a +0 buckler
 i - a +0 chain mail
 o - a +0 pair of boots (worn)
 w - a +3 plate armour
 C - a +1 kite shield (worn)
 E - the +0 scale mail "Felotuh" {rPois Str+4}
   (You found it on level 8 of the Dungeon)

   Str:       It affects your strength (+4).
   rPois:     It protects you from poison.
 F - the +4 plate armour "Xianios" (worn) {rPois rN+ Will++ Dex-5}
   (You found it on level 8 of the Dungeon)

   Dex:       It affects your dexterity (-5).
   rPois:     It protects you from poison.
   rN:        It protects you from negative energy.
   Will:      It greatly increases your willpower.
 K - the +1 hat of Ajeid (worn) {rElec rCorr MP+9}
   (Okawaru gifted it to you on level 1 of the Lair of Beasts)

   rElec:     It insulates you from electricity.
   MP:        It affects your magic capacity (+9).
   rCorr:     It protects you from acid and corrosion.
Jewellery
 e - an amulet of reflection
 h - a ring of resist corrosion
 u - a +6 ring of intelligence
 y - a ring of protection from cold (right hand)
 A - a ring of poison resistance (left hand)
 J - an amulet of regeneration (around neck)
 N - a ring of positive energy
 S - an amulet of guardian spirit
 V - a ring of protection from cold
Wands
 v - a wand of iceblast (31)
 M - a wand of flame (5)
Scrolls
 f - 3 scrolls of magic mapping
 j - a scroll of silence
 n - 2 scrolls of noise
 q - 2 scrolls of blinking
 r - 7 scrolls of teleportation
 t - 2 scrolls of fear
 B - 3 scrolls of poison
 O - 3 scrolls of immolation
 U - a scroll of enchant armour
Potions
 d - 2 potions of resistance
 g - 3 potions of brilliance {unknown}
 k - 7 potions of attraction
 l - 6 potions of lignification {unknown}
 m - 3 potions of magic
 p - 8 potions of curing
 s - 2 potions of invisibility
 x - 2 potions of berserk rage {unknown}
 z - 2 potions of ambrosia
 D - 2 potions of heal wounds
 P - a potion of degeneration {unknown}
 R - 2 potions of haste


   Skills:
 + Level 15.4 Fighting
 + Level 16.4 Polearms
 + Level 13.8 Armour
 + Level 13.1 Shields
 + Level 1.8 Invocations


You had 12 spell levels left.
You didn't know any spells.
Your spell library contained the following spells:

 Spells                   Type           Power      Damage    Failure   Level
 Sting                    Tmut/Pois      0%         1d3       99%         1
 Blink                    Tloc           0%         N/A       100%        2
 Ensorcelled Hibernation  Hex/Ice        0%         N/A       100%        2
 Poisonous Vapours        Pois/Air       0%         N/A       100%        2
 Conjure Flame            Conj/Fire      0%         6-21      100%        3
 Frozen Ramparts          Ice            0%         1d1       100%        3
 Gell's Gravitas          Tloc           0%         N/A       100%        3
 Ignite Poison            Fire/Tmut/Pois 0%         N/A       100%        3
 Lesser Beckoning         Tloc           0%         N/A       100%        3
 Spider Form              Tmut/Pois      0%         N/A       100%        3
 Teleport Other           Tloc           0%         N/A       100%        3
 Anguish                  Hex/Necr       0%         N/A       100%        4
 Corpse Rot               Necr/Pois/Air  0%         N/A       100%        4
 Ice Form                 Ice/Tmut       0%         N/A       100%        4
 Olgreb's Toxic Radiance  Pois           0%         N/A       100%        4
 Passage of Golubria      Tloc           0%         N/A       100%        4
 Sticky Flame             Conj/Fire      0%         2d3       100%        4
 Manifold Assault         Tloc           0%         N/A       100%        5
 Yara's Violent Unravell  Hex/Tmut       0%         3d3       100%        5
 Dispersal                Tloc           0%         N/A       100%        6
 Ozocubu's Refrigeration  Ice            0%         4d7       100%        7
 Ignition                 Fire           0%         3d3       100%        8
 Tukima's Dance           Hex            Unusable   N/A       N/A         3
 Summon Ice Beast         Ice/Summ       Unusable   N/A       N/A         4

Dungeon Overview and Level Annotations

Branches:
Dungeon (10/15)            Temple (0/1) D:6            Lair (5/5) D:9
 Shoals (1/4) Lair:3       Spider (0/4) Lair:2        Slime (0/5) Lair:4
    Orc: D:9-12

Altars:
Cheibriados
Kikubaaqudgha
Okawaru
Uskayaw
Wu Jian
Xom
Zin

Shops:
D:8 ?

Annotations:
D:4 2 transporters


Innate Abilities, Weirdness & Mutations

You have a pair of horns on your head.
You reflexively headbutt those who attack you in melee.
You are somewhat resistant to further mutation.
You expend magic power (3 MP) to strengthen your wands.


Message History

A rime drake comes into view.
A rime drake is nearby!
The rime drake hisses angrily.
The rime drake breathes ice at you. The flash freeze hits you!!
You partially resist.
* * * LOW HITPOINT WARNING * * *
You are encased in ice.
You block the rime drake's attack.
The rime drake bites you but does no damage.
You barely miss the rime drake. Your headbutt misses the rime drake.
The ice encasing you melts away. The rime drake bites you.
* * * LOW HITPOINT WARNING * * *
You impale the rime drake!!
The rime drake is severely wounded.
The rime drake breathes ice at you. You block the flash freeze.
You hit the rime drake.
The rime drake is almost dead.
You impale the rime drake!!
You kill the rime drake!
Okawaru accepts your kill.
You start putting on your amulet.
You continue putting on your amulet of regeneration. x5
The wind drake hisses angrily.
The wind drake flaps its wings at you. The air twists around and strikes you.
* * * LOW HITPOINT WARNING * * *
You finish putting on your amulet of regeneration.
The amulet cannot attune itself to your injured body.
J - an amulet of regeneration (around neck)
The wind drake flaps its wings at you. The air twists around and strikes you!
* * * LOW HITPOINT WARNING * * *
Found a long glowing staff and a scroll of identify.
The wind drake flaps its wings at you. The air twists around and strikes you.
The wind drake flaps its wings at you. The air twists around and strikes you!!
You die...

~.~...~~~~P~......~~~......
.....~~~~~~~...............
....~~~~~~~P.....†...<....~
...~~~~~~~~.............~~~
....~~~~~~...........~~~~~~
#...~~~~.)..........~~~~~~
##..~~~†............~~~~~~
#......[.)>.≈~~~~~≈~~~~~~
##......@.~~~~~~~~~~~~~~~
###........~~~~~~≈~≈~~≈~~~
...~......~~k~≈~~~~~
~~~~~~...†.~~≈~≈....~
~≈≈≈~~.....~~~~......
≈≈≈≈~~~?...~~~~..##..
~≈≈≈≈~~....~~≈~..#
~≈≈≈~~~...~~~~.|.
≈≈≈≈~~~...~≈≈~~?


You could see a wind drake (repels missiles).

Vanquished Creatures
  Harold (Lair:2)
  2 hydras
  2 two-headed ogres
  8 elephants
  10 black mambas
  19 cane toads
  3 rime drakes
  6 komodo dragons
  2 merfolk (Shoals:1)
  A troll (D:7)
  27 blink frogs
  2 wind drakes (Shoals:1)
  A slime creature (D:7)
  A snapping turtle (Shoals:1)
  Prince Ribbit (D:7)
  3 tyrant leeches (Lair:5)
  6 dream sheep (Lair:5)
  3 wyverns (D:9)
  A wraith (D:9)
  A shadow (D:7)
  45 yaks
  A redback (Lair:2)
  7 basilisks
  5 steam dragons
  5 vampire mosquitoes (Lair:5)
  Menkaure (D:7)
  16 water moccasins
  4 sky beasts
  2 black bears
  2 orc warriors (D:9)
  An ice beast (D:7)
  3 ogres
  6 wolves (Lair:5)
  7 centaurs
  2 kobold brigands
  3 phantoms (D:5)
  27 bullfrogs
  2 necrophages (D:5)
  A gnoll sergeant (D:9)
  A scorpion (D:7)
  3 wights (D:9)
  A killer bee (D:4)
  2 electric eels (Lair:5)
  2 jellies (D:5)
  3 hounds
  5 gnoll boudas
  7 orc priests
  2 iguanas
  3 orc wizards
  29 gnolls
  5 adders
  3 white imps
  An ufetubus (D:7)
  3 worms
  3 dart slugs
  26 orcs
  6 ball pythons
  9 endoplasms
  5 giant cockroaches
  8 goblins
  3 hobgoblins
  4 quokkas
  8 bats
  5 frilled lizards
  23 kobolds
  4 rats
414 creatures vanquished.

Vanquished Creatures (others)
  4 bushes
  23 fungi
  107 plants
134 creatures vanquished.

Grand Total: 548 creatures vanquished

Notes
Turn   | Place    | Note
-------+----------+-------------------------------------------
     0 | D:1      | furfeg123 the Minotaur Fighter began the quest for the Orb.
     0 | D:1      | Reached XP level 1. HP: 19/19 MP: 0/0
   377 | D:1      | Reached XP level 2. HP: 27/27 MP: 1/1
  1031 | D:1      | Reached XP level 3. HP: 28/33 MP: 2/2
  1340 | D:2      | Reached skill level 3 in Polearms
  1731 | D:2      | Found a faded altar of an unknown god.
  2477 | D:3      | Reached XP level 4. HP: 25/40 MP: 3/3
  2719 | D:3      | Reached skill level 4 in Polearms
  2918 | D:3      | Reached XP level 5. HP: 47/47 MP: 4/4
  3441 | D:4      | Found an ancient bone altar of Kikubaaqudgha.
  3444 | D:4      | Noticed a black bear
  3456 | D:4      | Killed a black bear
  3457 | D:4      | Reached skill level 5 in Polearms
  3475 | D:4      | Reached skill level 5 in Shields
  3475 | D:4      | Reached XP level 6. HP: 28/53 MP: 5/5
  3643 | D:4      | Found a transporter.
  3656 | D:4      | Reached skill level 5 in Armour
  3788 | D:4      | Found an ornate altar of the Wu Jian Council.
  3830 | D:4      | Found a transporter.
  3870 | D:4      | Found an iron altar of Okawaru.
  3871 | D:4      | Found a hide-covered altar of Uskayaw.
  3877 | D:4      | Became a worshipper of Warmaster Okawaru
  4151 | D:5      | Entered Level 5 of the Dungeon
  4176 | D:5      | Reached skill level 5 in Fighting
  4199 | D:5      | Reached skill level 6 in Polearms
  4205 | D:5      | Reached XP level 7. HP: 33/61 MP: 6/6
  4442 | D:5      | Reached * piety under Okawaru
  5068 | D:5      | Reached skill level 7 in Polearms
  5177 | D:5      | Reached ** piety under Okawaru
  5251 | D:5      | Reached XP level 8. HP: 69/70 MP: 7/7
  5375 | D:6      | Found a staircase to the Ecumenical Temple.
  5872 | D:6      | Reached skill level 8 in Polearms
  6934 | D:7      | Reached skill level 9 in Polearms
  7004 | D:7      | Noticed a two-headed ogre
  7012 | D:7      | Killed a two-headed ogre
  7012 | D:7      | Reached *** piety under Okawaru
  7013 | D:7      | Reached skill level 1 in Invocations
  7013 | D:7      | Reached XP level 9. HP: 52/79 MP: 5/8
  7139 | D:7      | Reached skill level 10 in Polearms
  7315 | D:7      | Found a shimmering altar of Xom.
  7331 | D:7      | Noticed Menkaure
  7340 | D:7      | Killed Menkaure
  7401 | D:7      | Reached **** piety under Okawaru
  7528 | D:7      | Noticed Prince Ribbit
  7550 | D:7      | Killed Prince Ribbit
  7789 | D:7      | Noticed a troll
  7798 | D:7      | Killed a troll
  8214 | D:8      | Reached XP level 10. HP: 88/88 MP: 9/9
  8215 | D:8      | Identified the +0 scale mail "Felotuh" {rPois Str+4}
  8287 | D:8      | Identified the +4 plate armour "Xianios" {rPois rN+ Will++
                  | Dex-5}
  8413 | D:8      | Found Pamoxah's Magic Scroll Shop.
  8581 | D:8      | Found a glowing silver altar of Zin.
  8581 | D:8      | Noticed an angel
  8870 | D:9      | Reached skill level 11 in Polearms
  9098 | D:9      | Found a staircase to the Lair.
  9124 | D:9      | Reached skill level 10 in Shields
  9129 | D:9      | Reached ***** piety under Okawaru
  9267 | D:9      | Reached skill level 12 in Polearms
  9450 | D:9      | Found a snail-covered altar of Cheibriados.
  9727 | D:9      | Noticed a two-headed ogre
  9738 | D:9      | Killed a two-headed ogre
 10438 | D:9      | Reached XP level 11. HP: 97/97 MP: 11/11
 10639 | D:10     | Entered Level 10 of the Dungeon
 10738 | D:8      | Bought a scroll of acquirement for 676 gold pieces
 10739 | D:8      | Acquired the +6 demon trident of Urgency {pain, Str+2
                  | Int+3}
 10806 | Lair:1   | Entered Level 1 of the Lair of Beasts
 10817 | Lair:1   | Identified the +1 hat of Ajeid {rElec rCorr MP+9} (Okawaru
                  | gifted it to you on level 1 of the Lair of Beasts)
 10817 | Lair:1   | Received a gift from Okawaru
 11066 | Lair:1   | Noticed a five-headed hydra
 11091 | Lair:1   | Killed a five-headed hydra
 11095 | Lair:1   | Reached skill level 10 in Armour
 11484 | Lair:1   | Reached skill level 10 in Fighting
 11633 | Lair:1   | Reached skill level 13 in Polearms
 12272 | Lair:1   | Gained mutation: You expend magic power (3 MP) to
                  | strengthen your wands. [potion of mutation]
 12272 | Lair:1   | Gained mutation: You are weak. (Str -2) [potion of
                  | mutation]
 12272 | Lair:1   | Gained mutation: You are robust. (+10% HP) [potion of
                  | mutation]
 12273 | Lair:1   | Lost mutation: You are weak. (Str -2) [potion of mutation]
 12273 | Lair:1   | Lost mutation: You are robust. (+10% HP) [potion of
                  | mutation]
 12273 | Lair:1   | Gained mutation: You are somewhat resistant to further
                  | mutation. [potion of mutation]
 12754 | Lair:2   | Found a hole to the Spider Nest.
 12889 | Lair:2   | Reached skill level 14 in Polearms
 13034 | Lair:2   | Identified the +0 tower shield of Knowledge {rPois rF-
                  | Dex+8} (Okawaru gifted it to you on level 2 of the Lair of
                  | Beasts)
 13034 | Lair:2   | Received a gift from Okawaru
 13221 | Lair:2   | Noticed Harold
 13235 | Lair:2   | Killed Harold
 13236 | Lair:2   | Reached XP level 12. HP: 103/110 MP: 12/12
 13556 | Lair:2   | Found the +8 whip "Snakebite" {venom, curare, rPois}
 14000 | Lair:3   | Reached ****** piety under Okawaru
 14048 | Lair:3   | Reached skill level 15 in Polearms
 14220 | Lair:3   | Found a staircase to the Shoals.
 14473 | Lair:3   | Noticed an eight-headed hydra
 14483 | Lair:3   | Killed an eight-headed hydra
 14483 | Lair:3   | Identified the +1 arbalest "Rihisipi" {penet, Int+3}
                  | (Okawaru gifted it to you on level 3 of the Lair of Beasts)
 14483 | Lair:3   | Received a gift from Okawaru
 14884 | Lair:4   | Found a staircase to the Slime Pits.
 14892 | Lair:4   | Identified the +7 trident "Wuat" {speed, rElec Str+4}
 15212 | Lair:5   | Entered Level 5 of the Lair of Beasts
 15224 | Lair:5   | Reached XP level 13. HP: 122/122 MP: 13/13
 15371 | Lair:5   | Received a gift from Okawaru
 15636 | Lair:5   | Reached skill level 16 in Polearms
 15905 | Lair:5   | Identified the +1 scale mail of Bedevilment {rN+ Regen+
                  | Int+2} (Okawaru gifted it to you on level 5 of the Lair of
                  | Beasts)
 15905 | Lair:5   | Received a gift from Okawaru
 16074 | Lair:5   | Reached skill level 15 in Fighting
 16283 | Lair:5   | Identified the +8 great sword "Wineunk" {freeze, Drain
                  | rPois rF+++ Str+3}
 16464 | Shoals:1 | Entered Level 1 of the Shoals
 16583 | Shoals:1 | Killed from afar by a wind drake

Illustrated notes

Levels and vault maps discovered:
D:1:      dpeg_arrival_court, layout_basic
D:2:      layout_basic, nicolae_ecumenical_oubliette
D:3:      layout_basic, minmay_randomly_rotated_circles
D:4:      gammafunk_cloud_chamber, layout_rooms, mainiacjoe_overflow_boulevard,
          nicolae_kikubaaqudgha_miasma_corner, gammafunk_temple_overflow_statue,
          minmay_small_thing
D:5:      layout_basic
D:6:      layout_basic, minmay_temple_entry_mini_moons, minmay_misc_feat_tiny,
          nicolae_benzene_ring, grunt_ministairs_7, fountainhead,
          serial_park_tiny_2
D:7:      minmay_cornered_nines, layout_basic, mainiacjoe_overflow_brackets,
          uniq_menkaure, uniq_prince_ribbit1
D:8:      layout_rooms, zin_angel, serial_shops, shop
D:9:      layout_basic, amcnicky_altar_gilded, minmay_lair_entry_grove,
          enter_bailey_3
D:10:     layout_basic, dreamdust_gnoll_shepherd
Lair:1:   layout_cave_pods, grunt_megastairs_1, serial_bayou_shore_b,
          infiniplex_staircase_pool_2
Lair:2:   minmay_guarded_unrand_snakebite, layout_regular_city,
          spider_nest_entry_webs, serial_bayou_shore_b, uniq_harold
Lair:3:   layout_long_grid, minmay_shoals_entry_centaurs
Lair:4:   layout_cave_shapes, slime_entry_1
Lair:5:   minmay_lair_end_frog_pond, layout_hall_layers
Shoals:1: layout_shoals, nicolae_shoals_drake_roost

Skill      XL: |  1  2  3  4  5  6  7  8  9 10 11 12 13 |
---------------+----------------------------------------+-----
Fighting       | 4 5 7 8 9 11 13 15 | 15.4
Shields        | 4 5 6 8 9 11 12 13 | 13.1
Armour         | 4 5 7 8 9 11 12 13 | 13.8
Polearms       | 3 4 5 6 7 9 10 12 14 15 16 | 16.4
Invocations    | 1 |  1.8

Action                   |  1- 3 |  4- 6 |  7- 9 | 10-12 | 13-15 || total
-------------------------+-------+-------+-------+-------+-------++-------
Melee: Trident           |   131 |   136 |   319 |   292 |    81 ||   959
       Headbutt          |    16 |    14 |    49 |   132 |    44 ||   255
       Spear             |       |       |       |    57 |       ||    57
       Demon trident     |       |       |       |   378 |   216 ||   594
       Glaive            |       |       |       |       |    27 ||    27
Invok: Heroism           |       |       |     6 |     5 |     3 ||    14
  Use: Scroll            |     9 |       |     6 |     7 |     4 ||    26
       Potion            |       |     1 |     1 |     2 |       ||     4
Armor: Scale mail        |    12 |       |       |       |       ||    12
       Chain mail        |    14 |    68 |     5 |       |       ||    87
       Plate armour      |       |       |   112 |   255 |    96 ||   463
Dodge: Dodged            |    21 |    37 |    62 |   130 |    63 ||   313
Block: Buckler           |    57 |    84 |   138 |   204 |     2 ||   485
       Reflection        |     3 |       |     5 |       |       ||     8
       Other             |       |       |     1 |       |       ||     1
       Kite shield       |       |       |       |       |    98 ||    98
